 Dungeon Crawl Stone Soup version 0.25-a0-87-ga3d287b (webtiles) character file.

Game seed: 12056866171488064140, levelgen mode: deterministic

8825 BoppinsLewinski the Carver (level 11, 0/87 HPs)
             Began as a Formicid Monk on Nov 11, 2019.
             Was an Elder of Wu Jian.
             Slain by a large slime creature (11 damage)
             ... on level 10 of the Dungeon.
             The game lasted 00:31:17 (12438 turns).

BoppinsLewinski the Carver (Formicid Monk)         Turns: 12438, Time: 00:31:18

Health: 0/87       AC: 22    Str: 22    XL:     11   Next: 63%
Magic:  15/15      EV: 10    Int: 10    God:    Wu Jian [****..]
Gold:   489        SH:  0    Dex: 13    Spells: 10/10 levels left

rFire    + . .     SeeInvis +   e - +0 long sword
rCold    . . .     Gourm    +   (no shield)
rNeg     . . .     Faith    .   f - +2 plate armour {rF+}
rPois    .         Spirit   .   (helmet unavailable)
rElec    +         Reflect  .   o - +2 cloak {+Inv}
rCorr    .         Harm     .   b - +0 pair of gloves
MR       +....                  (no boots)
Stlth    ..........             i - amulet of the gourmand
HPRegen  0.24/turn              (no ring)
MPRegen  0.14/turn              r - +3 ring of strength

@: no status effects
A: permanent stasis, dig shafts and tunnels, four strong arms, antennae 3,
yellow scales 1, electricity resistance
a: Dig, Shaft Self, Wall Jump, Serpent's Lash, Renounce Religion, Evoke
Invisibility


You were on level 10 of the Dungeon.
You worshipped Wu Jian.
Wu Jian was greatly pleased with you.
You were not hungry.

You visited 1 branch of the dungeon, and saw 10 of its levels.

You collected 489 gold pieces.

Inventory:

Hand Weapons
 e - a +0 long sword (weapon)
 t - a +0 morningstar
Armour
 b - a +0 pair of gloves (worn)
 f - a +2 plate armour of fire resistance (worn)
 o - a +2 cloak of invisibility (worn)
Jewellery
 i - an amulet of the gourmand (around neck)
 r - a +3 ring of strength (right hand)
Scrolls
 a - a scroll of summoning
 d - a scroll of identify
 g - a scroll of fear
 j - 2 scrolls of amnesia {unknown}
 k - a scroll of magic mapping {unknown}
 l - a scroll of blinking {unknown}
 m - a scroll of enchant armour
 n - 2 scrolls of remove curse
 q - a scroll of immolation
 s - 2 scrolls of enchant weapon {unknown}
Potions
 h - a potion of cancellation
Comestibles
 c - 13 rations


   Skills:
 + Level 8.8 Fighting
 * Level 10.9 Long Blades
 + Level 8.0 Armour
 + Level 7.3 Dodging
 - Level 2.4 Stealth
 + Level 5.9 Evocations


You had 10 spell levels left.
You didn't know any spells.
Your spell library contained the following spells:

 Spells                   Type           Power        Failure   Level  Hunger
 Corona                   Hex            #......      99%         1    ##.....
 Shock                    Conj/Air       #...         99%         1    ##.....
 Ensorcelled Hibernation  Hex/Ice        #.....       100%        2    ###....
 Swiftness                Chrm/Air       #.......     100%        2    ###....
 Confuse                  Hex            #.......     100%        3    ####...
 Dazzling Spray           Conj/Hex       #.....       100%        3    ####...
 Static Discharge         Conj/Air       #.......     100%        3    ####...
 Tukima's Dance           Hex            #.......     100%        3    ####...
 Airstrike                Air            #.........   100%        4    #####..
 Lightning Bolt           Conj/Air       #.........   100%        5    ######.


Dungeon Overview and Level Annotations

Branches:
Dungeon (10/15)            Temple (0/1) D:5
   Lair: D:8-11         Orc: D:9-12

Altars:
Ashenzari
Cheibriados
Dithmenos
Hepliaklqana
Kikubaaqudgha
Makhleb
Okawaru
Vehumet
Wu Jian
Xom

Shops:
D:9 [}

Annotations:
D:5 exclusion: downstairs
D:6 exclusion: statue


Innate Abilities, Weirdness & Mutations

You cannot be hasted, slowed, berserked, paralysed or teleported.
You can dig through walls and to a lower floor.
Your four strong arms can wield two-handed weapons with a shield.
You have a pair of large antennae on your head. (SInv)
You are partially covered in yellow scales. (AC +2)
You are resistant to electric shocks. (rElec)


Message History

Ye be too injured ta fight recklessly!
Ye be too injured ta fight recklessly!
Ye slash tha large slime creature!
Tha large slime creature be lightly wounded.
Unknown command.
Ye hit tha large slime creature.
Tha large slime creature be moderately wounded.
Tha large slime creature barely misses ye.
Ye riposte.
Ye slash tha large slime creature!
Tha large slime creature be moderately wounded.
Unknown command.
Ye hit tha large slime creature.
Tha large slime creature be moderately wounded.
Tha large slime creature hits ye!!
* * * LOW HITPOINT WARNIN'
* * * Unknown command.
Ye slash tha large slime creature!
Tha large slime creature be heavily wounded.
Tha large slime creature hits ye!
Ye die...

## ### .. ..# .## #.#
..#####.# <....##.#
..##.##.#######
....).........##########
รท.##.##.#####...@J......
).##.##.# ########....
...#.##.####.... .
.......#.......#
.#.#.##.####...#
........# # ##..#..## {
...###... ##.. ..##..


You could see a large slime creature.

Vanquished Creatures
  A two-headed ogre (D:9)
  Pikel (D:5)
  A slime creature (D:10)
  Maurice (D:8)
  Joseph (D:7)
  A troll (D:10)
  A hippogriff (D:8)
  Grinder (D:5)
  A yak (D:7)
  3 hogs (D:7)
  A human (D:7)
  Grum (D:8)
  Menkaure (D:4)
  Duvessa (D:4)
  An ice beast (D:5)
  7 orc warriors
  2 sky beasts (D:6)
  A necrophage (D:8)
  A hornet zombie (D:5)
  4 ogres
  2 phantoms
  3 centaurs
  2 wolves (D:8)
  2 bullfrogs
  Dowan (D:4)
  2 scorpions
  6 howler monkeys
  5 bullfrog zombies
  6 hounds
  2 jellies
  9 orc priests
  Natasha (twice) (D:3)
  2 bullfrog skeletons
  4 iguanas
  13 orc wizards
  10 worker ants
  A hound zombie (D:6)
  A hound skeleton (D:7)
  A worker ant zombie (D:8)
  13 gnolls
  11 adders
  A shadow imp (D:9)
  An ooze (D:3)
  An adder skeleton (D:4)
  2 adder zombies (D:7)
  5 worms
  6 dart slugs
  5 leopard geckos
  38 orcs
  7 bats
  7 giant cockroaches
  7 goblins
  5 hobgoblins
  16 jackals
  5 quokkas
  4 ball pythons
  6 frilled lizards
  A jackal zombie (D:8)
  4 kobolds
  A leopard gecko skeleton (D:4)
  4 rats
256 creatures vanquished.

Vanquished Creatures (collateral kills)
  A two-headed ogre (D:8)
  An ogre (D:8)
2 creatures vanquished.

Vanquished Creatures (others)
  A scorpion (D:8)
  2 gnolls (D:8)
  A shadow imp (D:5)
4 creatures vanquished.

Grand Total: 262 creatures vanquished

Notes
Turn   | Place    | Note
-------+----------+-------------------------------------------
     0 | D:1      | BoppinsLewinski the Formicid Monk began the quest for the
                  | Orb.
     0 | D:1      | Reached XP level 1. HP: 18/18 MP: 1/1
    44 | D:1      | Reached XP level 2. HP: 14/24 MP: 2/2
   324 | D:1      | Reached XP level 3. HP: 16/29 MP: 3/3
   328 | D:1      | Reached skill level 1 in Armour
  1018 | D:2      | Reached XP level 4. HP: 28/37 MP: 4/4
  1195 | D:2      | Found an iron altar of Okawaru.
  1295 | D:2      | Reached skill level 4 in Long Blades
  1758 | D:2      | Reached XP level 5. HP: 39/42 MP: 5/5
  2413 | D:3      | Reached XP level 6. HP: 42/48 MP: 6/6
  2598 | D:3      | Noticed Natasha
  2615 | D:3      | Killed Natasha
  2967 | D:4      | Noticed Dowan
  2994 | D:4      | Noticed Duvessa
  3016 | D:4      | Killed Duvessa
  3016 | D:4      | Reached skill level 5 in Long Blades
  3016 | D:4      | Reached XP level 7. HP: 32/55 MP: 7/7
  3026 | D:4      | Killed Dowan
  3102 | D:3      | Noticed Natasha
  3123 | D:3      | Killed Natasha
  3960 | D:4      | Found an ancient bone altar of Kikubaaqudgha.
  4129 | D:4      | Reached skill level 5 in Fighting
  4306 | D:4      | Found an ornate altar of the Wu Jian Council.
  4310 | D:4      | Became a worshipper of the Wu Jian Council
  4310 | D:4      | Reached * piety under Wu Jian
  4310 | D:4      | Reached ** piety under Wu Jian
  4316 | D:4      | Found a shattered altar of Ashenzari.
  4319 | D:4      | Found a hazy altar of Hepliaklqana.
  4323 | D:4      | Reached skill level 1 in Evocations
  4378 | D:4      | Noticed Menkaure
  4395 | D:4      | Killed Menkaure
  4395 | D:4      | Reached skill level 6 in Long Blades
  4395 | D:4      | Reached XP level 8. HP: 16/62 MP: 7/9
  4859 | D:5      | Entered Level 5 of the Dungeon
  4859 | D:5      | Noticed Pikel
  4901 | D:5      | Gained mutation: You are partially covered in yellow
                  | scales. (AC +2) [potion of mutation]
  4901 | D:5      | Gained mutation: You are resistant to electric shocks.
                  | (rElec) [potion of mutation]
  4921 | D:5      | Killed Pikel
  4935 | D:5      | Reached skill level 7 in Long Blades
  4935 | D:5      | Reached XP level 9. HP: 34/69 MP: 11/11
  5111 | D:5      | Noticed Grinder
  5120 | D:5      | Killed Grinder
  5120 | D:5      | Reached skill level 5 in Dodging
  5134 | D:5      | Found a shadowy altar of Dithmenos.
  5158 | D:5      | Found a staircase to the Ecumenical Temple.
  5223 | D:5      | Found a snail-covered altar of Cheibriados.
  5272 | D:5      | Reached skill level 5 in Armour
  6082 | D:5      | Found a shimmering altar of Xom.
  6509 | D:6      | Reached skill level 8 in Long Blades
  7247 | D:6      | Found a radiant altar of Vehumet.
  7474 | D:6      | Reached XP level 10. HP: 77/77 MP: 12/12
  8119 | D:7      | Reached *** piety under Wu Jian
  8297 | D:7      | Reached skill level 9 in Long Blades
  9289 | D:7      | Noticed Joseph
  9311 | D:7      | Killed Joseph
  9632 | D:8      | Noticed Maurice
  9646 | D:8      | Killed Maurice
  9741 | D:8      | Noticed a two-headed ogre
  9751 | D:8      | Killed a two-headed ogre
  9751 | D:8      | Reached skill level 10 in Long Blades
  9751 | D:8      | Reached XP level 11. HP: 84/86 MP: 14/14
  9764 | D:8      | Reached **** piety under Wu Jian
  9931 | D:8      | Reached skill level 5 in Evocations
 10748 | D:8      | Noticed Grum
 10760 | D:8      | Killed Grum
 10816 | D:8      | Found a burning altar of Makhleb.
 10976 | D:9      | Noticed a two-headed ogre
 10994 | D:9      | Killed a two-headed ogre
 11132 | D:9      | Found Wouhoq's Antique Armour Emporium.
 11747 | D:9      | Found Doisti's Gadget Shop.
 11916 | D:10     | Entered Level 10 of the Dungeon
 12438 | D:10     | Slain by a large slime creature

Levels and vault maps discovered:
D:1:      minmay_arrival_cross, layout_basic, st_stairs_7
D:2:      layout_basic, old_standard_altar, st_stairs_4
D:3:      cheibrodos_helix_gallery, layout_basic, uniq_natasha
D:4:      layout_rooms, grunt_temple_overflow_cloverleaf,
          minmay_misc_feat_hallway, uniq_duvessa, uniq_menkaure
D:5:      layout_loops_ring, tgw_xom, lemuel_doored_altar,
          kennysheep_slug_shrine, temple_statues, first_ration, enter_ossuary_1,
          uniq_grinder, uniq_pikel
D:6:      layout_basic, vehumet_statue
D:7:      layout_basic, grunt_livestock, uniq_joseph
D:8:      layout_rooms, old_standard_altar, uniq_maurice, uniq_grum
D:9:      layout_cave_pools, serial_shops, nicolae_shop_overgrown_old_shop,
          nicolae_shop_temple_entry_statues_fountains, serial_co_window_serial,
          co_window_corner_a, co_window_cross_1, co_window_paths_a,
          co_window_paths_b, co_window_of_opportunity_a, co_window_2corner,
          co_window_broadway_a, co_window_paths_c, co_window_paths_d,
          glass_columns_c, glass_columns_a, glass_columns_b
D:10:     layout_loops_ring, erik_lair_island, serial_glass, glass_columns_a,
          glass_columns_b, serial_shops, shop, special_room [special_room_orc],
          worms_lemuel

Skill      XL: |  1  2  3  4  5  6  7  8  9 10 11 |
---------------+----------------------------------+-----
Armour         | 1 2 3 4 5 7 8 |  8.0
Dodging        | 3 4 5 6 7 |  7.3
Long Blades    | 4 5 6 7 8 10 | 10.9
Fighting       | 4 5 6 8 |  8.8
Evocations     | 1 3 4 5 |  5.9
Stealth        | |  2.4

Action                   |  1- 3 |  4- 6 |  7- 9 | 10-12 || total
-------------------------+-------+-------+-------+-------++-------
Melee: Falchion          |    93 |   245 |   437 |     7 ||   782
       Unarmed           |       |    13 |    27 |       ||    40
       Long sword        |       |       |       |   560 ||   560
Invok: Whirlwind         |       |       |     3 |    33 ||    36
       Lunge             |       |       |    16 |    28 ||    44
       Serpent's Lash    |       |       |       |     1 ||     1
 Abil: Dig               |       |       |     2 |     1 ||     3
Evoke: Wand              |       |       |    11 |    28 ||    39
  Use: Scroll            |     2 |       |       |     6 ||     8
       Potion            |       |     5 |     6 |     3 ||    14
 Stab: Sleeping          |     5 |     1 |       |       ||     6
       Invisible         |       |       |     1 |       ||     1
       Paralysed         |       |       |       |    23 ||    23
       Distracted        |       |       |       |     1 ||     1
  Eat: Chunk             |       |     7 |     8 |    22 ||    37
       Ration            |       |       |     2 |       ||     2
Armor: Robe              |     4 |       |       |       ||     4
       Leather armour    |     3 |       |       |       ||     3
       Ring mail         |    25 |    48 |       |       ||    73
       Skin              |       |    10 |    13 |       ||    23
       Chain mail        |       |    59 |   191 |   149 ||   399
       Plate armour      |       |       |       |    71 ||    71
Dodge: Dodged            |    59 |   143 |   187 |   210 ||   599
       Rpst.: Falchion   |    14 |    48 |    63 |       ||   125
       Long sword        |       |       |       |    63 ||    63

Table legend:
 A = Non-vault XP
 B = Vault XP
 C = Vault XP percentage of total XP
 D = Non-vault monster count
 E = Vault monster count
 F = Vault count percentage of total count
                 A         B        C        D         E       F
            +---------+---------+-------+---------+---------+-------
      Total |    8883 |    3725 |  29.5 |     230 |      28 |  10.9
            +---------+---------+-------+---------+---------+-------
        D:1 |      38 |       6 |  13.6 |      21 |       3 |  12.5
        D:2 |     105 |       5 |   4.5 |      20 |       2 |   9.1
        D:3 |     208 |      43 |  17.1 |      35 |       3 |   7.9
        D:4 |     408 |     395 |  49.2 |      20 |       3 |  13.0
        D:5 |     589 |     946 |  61.6 |      12 |       7 |  36.8
        D:6 |    1241 |       0 |   0.0 |      32 |       0 |   0.0
        D:7 |    1248 |    1445 |  53.7 |      39 |       6 |  13.3
        D:8 |    2149 |     885 |  29.2 |      26 |       4 |  13.3
        D:9 |    1792 |       0 |   0.0 |      19 |       0 |   0.0
       D:10 |    1105 |       0 |   0.0 |       6 |       0 |   0.0
            +---------+---------+-------+---------+---------+-------
